 Dungeon Crawl Stone Soup version 0.20-a0-1063-gb8e8b7e (webtiles) character file.

394 AlphabetPasta the Bolt Thrower (level 6, -3/47 HPs)
             Began as a Gnoll Arcane Marksman on Apr 27, 2017.
             Slain by a hippogriff (7 damage)
             ... on level 4 of the Dungeon.
             The game lasted 00:17:11 (3725 turns).

AlphabetPasta the Bolt Thrower (GnAM)               Turns: 3725, Time: 00:17:11

Health: -3/47      AC:  8    Str: 16    XL:     6   Next: 81%
Magic:  12/12      EV: 12    Int: 13    God:
Gold:   103        SH:  0    Dex: 15    Spells: 4/13 levels left

rFire    + . .     SeeInvis .   a - +0 flail
rCold    . . .     Gourm    .   (no shield)
rNeg     . . .     Faith    .   n - +0 scale mail
rPois    .         Spirit   .   (helmet restricted)
rElec    .         Reflect  .   y - +0 cloak
rCorr    .         Harm     .   (no gloves)
MR       .....                  x - +0 pair of boots
Stlth    ..........             (no amulet)
Regen    0.6/turn               (no ring)
MPRegen  0.2/turn               (no ring)

@: mighty
A: short attention span, antennae 1, claws 1, fangs 1, fire resistance 1,
regeneration 1, strong nose
a: no special abilities


You were on level 4 of the Dungeon.
You were not hungry.

You visited 1 branch of the dungeon, and saw 4 of its levels.

You collected 103 gold pieces.

Inventory:

Hand Weapons
 a - a +0 flail (weapon)
 b - a +0 hand crossbow
 o - a +0 club
Missiles
 d - 2 bolts
Armour
 e - a +0 robe
 n - a +0 scale mail (worn)
 r - a +0 helmet
 x - a +0 pair of boots (worn)
 y - a +0 cloak (worn)
Jewellery
 v - an uncursed ring of wizardry {unknown}
Scrolls
 g - a scroll of recharging
Potions
 i - a potion of brilliance
 w - a potion of might
Books
 c - a book of Debilitation

   Spells                             Type                      Level
   a - Corona                         Hexes                        1
   b - Slow                           Hexes                        2
   c - Inner Flame                    Hexes/Fire                   3
   d - Portal Projectile              Hexes/Translocation          3
   e - Cause Fear                     Hexes                        4
   f - Leda's Liquefaction            Hexes/Earth                  4
Comestibles
 f - 3 bread rations
 l - 4 chunks of flesh
 q - 2 fruits
 t - a meat ration


   Skills:
 + Level 3.5 Fighting
 * Level 3.2 Maces & Flails
 * Level 5.5 Crossbows
 + Level 2.6 Armour
 + Level 4.5 Dodging
 + Level 4.2 Spellcasting
 + Level 5.5 Hexes


You had 4 spell levels left.
You knew the following spells:

 Your Spells              Type           Power        Failure   Level  Hunger
a - Corona                Hex            ###....      8%          1    None
b - Slow                  Hex            ###.....     11%         2    ##.....
c - Inner Flame           Hex/Fire       #.......     56%         3    ###....
d - Portal Projectile     Hex/Tloc       #.....       56%         3    ###....


Dungeon Overview and Level Annotations

Branches:
Dungeon (4/15)
 Temple: D:4-7

Altars:
Trog
The Shining One


Innate Abilities, Weirdness & Mutations

You have a short attention span.
You have very sharp teeth.
Your uncanny sense of smell can sniff out nearby items.
You have a pair of small antennae on your head.
You have sharp fingernails.
Your flesh is heat resistant. (rF+)
Your natural rate of healing is unusually fast.


Message History

* * * LOW HITPOINT WARNING * * *
The hippogriff bites you.
* * * LOW HITPOINT WARNING * * *
The hippogriff completely misses you. The hippogriff misses you.
It was a potion of might.
You feel very mighty all of a sudden. The hippogriff bites you.
* * * LOW HITPOINT WARNING * * *
The hippogriff misses you. The hippogriff closely misses you.
You barely miss the hippogriff. Your bite misses the hippogriff.
The hippogriff is severely wounded.
The hippogriff bites you!
* * * LOW HITPOINT WARNING * * *
The hippogriff barely misses you.
The hippogriff claws you but does no damage.
You thump the hippogriff!
The hippogriff is almost dead.
The hippogriff bites you but does no damage.
The hippogriff closely misses you. The hippogriff claws you!
You die...

..#.......#.....#
..#.......#.[...#
..#.......'.....#
H.#.......#.....#
W.#########.....###
.<.#..#######.....#
...'....#...'.....#
...#....#...#.....#
...#....##..#...@.#+##...
...#.W..##..#...H........
...#........#............
####........####(#.......
..##..####..# (.#.......
..##..# #..# (..#.....#+
..#.... ........#.....#
..#.... ........'.....#
#####. .##.##.## .....#


You could see a hippogriff.

Vanquished Creatures
  A black bear (D:3)
  A phantom (D:4)
  2 howler monkeys (D:4)
  Robin (D:2)
  An adder (D:3)
  4 oozes
  3 worms
  4 dart slugs
  A leopard gecko (D:4)
  An orc (D:3)
  3 giant cockroaches
  19 goblins
  7 hobgoblins
  10 jackals
  7 kobolds
  3 quokkas
  A ball python (D:1)
  7 bats
  7 frilled lizards
  8 rats
91 creatures vanquished.

Notes
Turn   | Place    | Note
-------+----------+-------------------------------------------
     0 | D:1      | AlphabetPasta the Gnoll Arcane Marksman began the quest for the Orb.
     0 | D:1      | Reached XP level 1. HP: 15/15 MP: 3/3
   307 | D:1      | Reached XP level 2. HP: 22/22 MP: 5/5
   311 | D:1      | Learned a level 2 spell: Slow
   743 | D:1      | Reached XP level 3. HP: 24/27 MP: 6/6
   748 | D:1      | Learned a level 3 spell: Inner Flame
  1453 | D:2      | Noticed Robin
  1500 | D:2      | Killed Robin
  1500 | D:2      | Reached XP level 4. HP: 16/34 MP: 8/8
  1710 | D:2      | Reached skill level 1 in Armour
  2063 | D:2      | Learned a level 3 spell: Portal Projectile
  2715 | D:2      | Reached skill level 5 in Hexes
  2850 | D:3      | Reached XP level 5. HP: 27/39 MP: 9/9
  2857 | D:3      | Reached skill level 1 in Maces & Flails
  3055 | D:3      | Noticed a black bear
  3069 | D:3      | Killed a black bear
  3069 | D:3      | Reached skill level 5 in Crossbows
  3234 | D:3      | Reached XP level 6. HP: 33/47 MP: 11/11
  3415 | D:3      | Found a glowing golden altar of the Shining One.
  3423 | D:3      | Found a bloodstained altar of Trog.
  3557 | D:4      | Noticed a phantom
  3563 | D:4      | Noticed a hippogriff
  3581 | D:4      | Noticed a phantom
  3582 | D:4      | Gained mutation: You have a pair of small antennae on your head. [potion of mutation]
  3582 | D:4      | Gained mutation: You have sharp fingernails. [potion of mutation]
  3582 | D:4      | Gained mutation: Your natural rate of healing is unusually fast. [potion of mutation]
  3582 | D:4      | Gained mutation: Your flesh is heat resistant. (rF+) [potion of mutation]
  3635 | D:4      | Killed a phantom
  3725 | D:4      | Slain by a hippogriff

Vault maps used:
D:1:      dpeg_arrival_simpleton_c, minmay_split_cup_small
D:2:      minmay_diamond_boxcup, first_bread, uniq_robin
D:3:      chequers_temple_overflow_statue_of_worship
D:4:      serial_shops, shop

Skill      XL: |  1  2  3  4  5  6 |
---------------+-------------------+-----
Spellcasting   | 2 3 4 |  4.2
Fighting       | 2 3 |  3.5
Crossbows      | 4 5 |  5.5
Armour         | 1 2 |  2.6
Hexes          | 5 |  5.5
Maces & Flails | 2 3 |  3.2
Dodging        | 4 |  4.5

Action                   |  1- 3 |  4- 6 || total
-------------------------+-------+-------++-------
Melee: Flail             |    17 |   234 ||   251
       Hand crossbow     |    17 |       ||    17
       Bite              |     4 |    24 ||    28
 Fire: Hand crossbow     |    99 |    18 ||   117
  Use: Scroll            |     4 |     3 ||     7
       Potion            |       |     7 ||     7
  Eat: Chunk             |     2 |     7 ||     9
Armor: Robe              |     6 |       ||     6
       Scale mail        |    32 |   127 ||   159
       Skin              |       |     8 ||     8
Dodge: Dodged            |    52 |   130 ||   182
